 Dungeon Crawl Stone Soup version 0.20.1-1-g8b1a95d (webtiles) character file.

20646 Inchmeat the Warrior (level 12, -2/110 HPs)
             Began as a Merfolk Gladiator on Oct 12, 2017.
             Was a Priest of Ashenzari.
             Slain by a water elemental (9 damage)
             ... on level 13 of the Dungeon.
             The game lasted 00:36:39 (15162 turns).

Inchmeat the Warrior (Merfolk Gladiator)           Turns: 15162, Time: 00:36:39

Health: -2/110     AC:  8    Str: 18    XL:     12   Next: 81%
Magic:  0/12       EV: 20    Int:  8    God:    Ashenzari [***...]
Gold:   583        SH:  0    Dex: 16    Spells: 8/11 levels left

rFire    + . .     SeeInvis +   a - +0 trident (curse)
rCold    + . .     Gourm    .   (no shield)
rNeg     + . .     Faith    .   r - +2 ring mail {rN+} (curse)
rPois    .         Spirit   +   k - +0 hat
rElec    .         Reflect  .   B - +0 cloak
rCorr    .         Harm     .   (no gloves)
MR       .....                  J - +0 pair of boots
Stlth    +.........             q - amulet of guardian spirit (curse)
Regen    0.3/turn               t - ring of protection from cold
MPRegen  0.2/turn               y - +5 ring of evasion (curse)

@: engulfed
A: change form in water, swift swim, stealthy swim, deformed body, fire
resistance 1, subdued magic 1
a: Curse Item, Scrying, Renounce Religion


You were on level 13 of the Dungeon.
You worshipped Ashenzari.
Ashenzari was most pleased with you.
You were hungry.

You visited 3 branches of the dungeon, and saw 15 of its levels.

You collected 583 gold pieces.

Inventory:

Hand Weapons
 a - a cursed +0 trident (weapon)
 p - a +0 halberd
Missiles
 d - 4 throwing nets (quivered)
Armour
 c - a +0 helmet
 k - a +0 hat (worn)
 r - a cursed +2 ring mail of positive energy (worn)
 B - a +0 cloak (worn)
 J - a +0 pair of boots (worn)
 L - a +3 leather armour of fire resistance
Jewellery
 b - an uncursed ring of protection from fire
 j - a +4 ring of evasion
 q - a cursed amulet of guardian spirit (around neck)
 t - a ring of protection from cold (left hand)
 u - an uncursed ring of wizardry
 y - a cursed +5 ring of evasion (right hand)
 D - an uncursed ring of fire
 N - a +2 ring of evasion
Wands
 G - a wand of clouds (7/9)
 K - a wand of digging (5/24)
 M - a wand of scattershot (3/9)
 O - a wand of random effects (33/48)
 S - a wand of enslavement (12/24)
 V - a wand of flame (23/48)
Scrolls
 g - a scroll of fog {unknown}
 h - 3 scrolls of amnesia
 n - 3 scrolls of recharging
 v - 3 scrolls of teleportation
 w - 5 scrolls of remove curse
 x - a scroll of enchant armour {unknown}
 C - a scroll of identify
 E - 3 scrolls of noise {unknown}
 F - 3 scrolls of enchant weapon {unknown}
 H - 3 scrolls of magic mapping
 I - a scroll of summoning {unknown}
 R - a scroll of vulnerability {unknown}
 U - a scroll of silence {unknown}
Potions
 l - a potion of brilliance
 z - 2 potions of resistance
Books
 o - a book of Cantrips

   Spells                             Type                      Level
   a - Confusing Touch                Hexes                        1
   b - Animate Skeleton               Necromancy                   1
   c - Summon Small Mammal            Summoning                    1
   d - Apportation                    Translocation                1
 A - a book of Maledictions

   Spells                             Type                      Level
   a - Corona                         Hexes                        1
   b - Ensorcelled Hibernation        Hexes/Ice                    2
   c - Confuse                        Hexes                        3
   d - Tukima's Dance                 Hexes                        3
   e - Dazzling Spray                 Conjuration/Hexes            3
 P - a book of Necromancy

   Spells                             Type                      Level
   a - Pain                           Necromancy                   1
   b - Animate Skeleton               Necromancy                   1
   c - Vampiric Draining              Necromancy                   3
   d - Regeneration                   Charms/Necromancy            3
   e - Animate Dead                   Necromancy                   4
   f - Control Undead                 Necromancy                   4
 Q - a Young Poisoner's Handbook

   Spells                             Type                      Level
   a - Sting                          Conjuration/Poison           1
   b - Poisonous Vapours              Poison/Air                   2
   c - Mephitic Cloud                 Conjuration/Poison/Air       3
   d - Olgreb's Toxic Radiance        Poison                       4
   e - Venom Bolt                     Conjuration/Poison           5
Comestibles
 f - 2 bread rations
 i - 18 royal jellies
 m - 10 meat rations
 s - 8 fruits


   Skills:
 - Level 15.3 Fighting
 - Level 15.2(17.6) Polearms
 - Level 2.0 Throwing
 - Level 5.0 Armour
 - Level 6.8 Dodging
 - Level 0.8 Stealth
 - Level 0.9 Unarmed Combat
 + Level 3.0(4.6) Conjurations
 + Level 2.8(4.4) Air Magic
 + Level 3.7(5.4) Poison Magic


You had 8 spell levels left.
You knew the following spells:

 Your Spells              Type           Power        Failure   Level  Hunger
a - Mephitic Cloud        Conj/Pois/Air  #.......     26%         3    ####...


Dungeon Overview and Level Annotations

Branches:
Dungeon (13/15)            Temple (1/1) D:4            Lair (0/6) D:9
    Orc (1/2) D:9
 Vaults: D:13-14

Altars:
Ashenzari
Cheibriados
Dithmenos
Elyvilon
Fedhas
Gozag
Hepliaklqana
Kikubaaqudgha
Makhleb
Nemelex Xobeh
Okawaru
Qazlal
Ru
Sif Muna
Trog
Uskayaw
Vehumet
Xom
Yredelemnul
Zin
The Shining One

Shops:
D:12 *

Annotations:
D:9 Sonja
D:10 MetaCosm's ghost, novice FoFi


Innate Abilities, Weirdness & Mutations

You revert to your normal form in water.
You are very nimble and swift while swimming.
You are very stealthy in the water. (Stealth+)
Armour fits poorly on your strangely shaped body.
Your flesh is heat resistant. (rF+)
Your spells are a little easier to cast, but a little less powerful.


Message History

The water elemental is heavily damaged.
You hit the water elemental but do no damage.
The water elemental is heavily damaged.
The water elemental hits you.
* * * LOW HITPOINT WARNING * * *
The water elemental engulfs you in water!
You hit the water elemental but do no damage.
The water elemental is heavily damaged.
You hit the water elemental.
The water elemental is heavily damaged.
The water elemental closely misses you.
You hit the water elemental but do no damage.
The water elemental is heavily damaged.
The water elemental misses you.
You hit the water elemental but do no damage.
The water elemental is heavily damaged.
You puncture the water elemental!
The water elemental is severely damaged.
The water elemental hits you!
You die...

,, * * ,, , , ##.#.#
..... ##..... , ,.....,
, .......######..... ≈
* ##................ ,
, .)................
≈≈.≈≈..≈##≈...... , ,
≈≈.....≈#≈≈.?##.##
.......†...............
* , ...≈≈≈............
#≈.≈≈#.≈.≈≈.....#. ,
.................. ,
,..........≈..##.#. * ,
≈≈.≈≈≈.#..≈..# .# ,
≈≈.≈≈≈.#..#..#* #, * ≈
** ,


You could see a water elemental.

Vanquished Creatures
  Gastronok (D:8)
  4 two-headed ogres
  An orc high priest (Orc:1)
  2 unseen horrors (D:11)
  Pikel (D:8)
  2 ugly things
  A cyclops (D:12)
  A manticore (D:11)
  Maurice (D:7)
  Psyche (D:8)
  Joseph (D:7)
  3 centaur skeletons
  2 hellwings
  A kobold demonologist (D:12)
  3 hippogriffs
  A slime creature (D:11)
  A meliai zombie (D:8)
  A wraith (D:11)
  Sigmund (D:5)
  5 yaks (D:11)
  2 wyverns
  Eustachio (D:5)
  A human (shapeshifter) (D:12)
  2 hungry ghosts
  A warg (D:9)
  Duvessa (D:6)
  A black bear (D:6)
  A sky beast (D:11)
  5 ice beasts
  18 orc warriors
  A necrophage (D:5)
  4 slaves
  5 ogres
  5 centaurs
  A big kobold (D:9)
  6 bullfrogs
  Blork the orc (D:6)
  A wyvern zombie (D:8)
  Dowan (D:6)
  3 scorpions
  2 wyvern skeletons
  A water moccasin skeleton (D:7)
  2 howler monkeys (D:8)
  8 wights
  4 electric eels (D:9)
  4 crimson imps
  2 quasits
  2 bullfrog zombies
  3 centaur zombies (D:8)
  The ghost of yesno the Changer, a weakling SpTm (D:3)
  7 jellies
  8 orc priests
  3 hounds
  Crazy Yiuf (D:5)
  19 orc wizards
  3 iguanas
  Jessica (D:2)
  A bullfrog skeleton (D:11)
  5 worker ants
  A killer bee zombie (D:8)
  A hound skeleton (D:6)
  7 gnolls
  19 adders
  6 shadow imps
  7 oozes
  An adder skeleton (D:6)
  2 worms
  A dart slug (D:1)
  6 leopard geckos
  74 orcs
  A ball python (D:4)
  9 giant cockroaches
  4 hobgoblins
  22 jackals
  4 quokkas
  A ball python skeleton (D:4)
  7 bats
  8 frilled lizards
  3 goblins
  13 kobolds
  A quokka skeleton (D:6)
  7 rats
377 creatures vanquished.

Vanquished Creatures (others)
  2 withered plants (D:8)
2 creatures vanquished.

Grand Total: 379 creatures vanquished

Notes
Turn   | Place    | Note
-------+----------+-------------------------------------------
     0 | D:1      | Inchmeat the Merfolk Gladiator began the quest for the Orb.
     0 | D:1      | Reached XP level 1. HP: 16/16 MP: 1/1
    53 | D:1      | Reached skill level 5 in Polearms
    60 | D:1      | Reached XP level 2. HP: 20/22 MP: 2/2
   709 | D:1      | Reached XP level 3. HP: 27/27 MP: 3/3
   999 | D:2      | Reached XP level 4. HP: 13/33 MP: 4/4
  1370 | D:2      | Noticed Jessica
  1383 | D:2      | Killed Jessica
  1441 | D:2      | Reached XP level 5. HP: 36/38 MP: 5/5
  1676 | D:3      | Noticed yesno's ghost (weakling SpTm)
  1791 | D:3      | Killed yesno's ghost
  2558 | D:4      | Noticed an ogre
  2566 | D:4      | Killed an ogre
  2566 | D:4      | Reached XP level 6. HP: 29/44 MP: 6/6
  2683 | D:4      | Found a staircase to the Ecumenical Temple.
  2728 | Temple   | Entered the Ecumenical Temple
  2839 | Temple   | Became a worshipper of Ashenzari the Shackled
  3226 | D:4      | Reached skill level 10 in Polearms
  3460 | D:4      | Found a shimmering altar of Xom.
  3703 | D:5      | Entered Level 5 of the Dungeon
  3734 | D:5      | Reached XP level 7. HP: 42/50 MP: 7/7
  3764 | D:5      | Identified the cursed +0 chain mail of Netus {Regen+}
  3810 | D:5      | Noticed Eustachio
  3856 | D:5      | Killed Eustachio
  3940 | D:5      | Reached * piety under Ashenzari
  4053 | D:5      | Reached XP level 8. HP: 55/56 MP: 8/8
  4203 | D:5      | Noticed Sigmund
  4243 | D:5      | Killed Sigmund
  4243 | D:5      | Reached skill level 5 in Dodging
  4384 | D:5      | Found a runed door.
  4388 | D:5      | Noticed Crazy Yiuf
  4416 | D:5      | Killed Crazy Yiuf
  4731 | D:6      | Noticed Blork the orc
  4750 | D:6      | Killed Blork the orc
  4759 | D:6      | Noticed Dowan
  4760 | D:6      | Noticed Duvessa
  5176 | D:6      | Reached XP level 9. HP: 56/61 MP: 9/9
  5226 | D:6      | Killed Duvessa
  5236 | D:6      | Killed Dowan
  5438 | D:6      | Reached skill level 15 in Polearms
  6034 | D:7      | Noticed Joseph
  6629 | D:7      | Reached skill level 5 in Fighting
  6711 | D:7      | Killed Joseph
  6828 | D:8      | Noticed a hellwing
  6831 | D:8      | Noticed a hellwing
  7090 | D:8      | Noticed Maurice
  7183 | D:7      | Killed Maurice
  7183 | D:7      | Reached XP level 10. HP: 73/80 MP: 8/10
  7748 | D:8      | Reached ** piety under Ashenzari
  7748 | D:8      | Noticed Gastronok
  7777 | D:8      | Killed Gastronok
  8142 | D:8      | Noticed a two-headed ogre
  8150 | D:8      | Killed a two-headed ogre
  8150 | D:8      | Reached XP level 11. HP: 83/96 MP: 9/11
  8202 | D:8      | Noticed Psyche
  8255 | D:9      | Noticed a two-headed ogre
  8255 | D:9      | Noticed a two-headed ogre
  8268 | D:8      | Paralysed by something for 5 turns
  8279 | D:8      | Killed Psyche
  8362 | D:8      | Noticed Pikel
  8840 | D:8      | Killed Pikel
  9078 | D:9      | Noticed a death yak
  9079 | D:9      | Noticed a death yak
  9079 | D:9      | Noticed a death yak
  9082 | D:9      | Noticed a death yak
  9507 | D:9      | Noticed a two-headed ogre
  9529 | D:9      | Killed a two-headed ogre
  9617 | D:9      | Noticed a death yak
  9617 | D:9      | Noticed a death yak
  9618 | D:9      | Noticed a death yak
  9688 | D:8      | Killed a two-headed ogre
  9873 | D:10     | Entered Level 10 of the Dungeon
  9981 | D:10     | Noticed MetaCosm's ghost (novice FoFi)
  9983 | D:10     | Noticed Sonja
 10046 | D:9      | Gained mutation: You have a pair of small antennae on your head. [potion of mutation]
 10046 | D:9      | Gained mutation: You are partially covered in iridescent scales. (AC +2) [potion of mutation]
 10455 | D:9      | Found an iron altar of Okawaru.
 10869 | D:9      | Found a staircase to the Orcish Mines.
 10894 | D:9      | Reached skill level 15 in Fighting
 11103 | Orc:1    | Entered Level 1 of the Orcish Mines
 11294 | Orc:1    | Reached skill level 1 in Armour
 11341 | Orc:1    | Noticed an orc high priest
 11358 | Orc:1    | Killed an orc high priest
 11358 | Orc:1    | Reached XP level 12. HP: 80/109 MP: 8/12
 11557 | Orc:1    | Noticed an orc warlord
 11559 | Orc:1    | Reached *** piety under Ashenzari
 11644 | D:9      | Found a staircase to the Lair.
 12768 | D:11     | Found a shimmering altar of Xom.
 12995 | D:11     | Reached skill level 5 in Armour
 13473 | D:11     | Learned a level 3 spell: Mephitic Cloud
 13675 | D:11     | Reached skill level 1 in Poison Magic
 13715 | D:11     | Reached skill level 1 in Conjurations
 13715 | D:11     | Reached skill level 1 in Air Magic
 14119 | D:12     | Noticed a two-headed ogre
 14144 | D:12     | Killed a two-headed ogre
 14816 | D:12     | Noticed a tengu reaver
 15134 | D:12     | Found Tyonuux's Assorted Antiques.
 15141 | D:13     | Lost mutation: You are partially covered in iridescent scales. (AC +2) [potion of mutation]
 15141 | D:13     | Lost mutation: You have a pair of small antennae on your head. [potion of mutation]
 15141 | D:13     | Gained mutation: Your spells are a little easier to cast, but a little less powerful. [potion of mutation]
 15141 | D:13     | Gained mutation: Armour fits poorly on your strangely shaped body. [potion of mutation]
 15141 | D:13     | Gained mutation: Your flesh is heat resistant. (rF+) [potion of mutation]
 15162 | D:13     | Slain by a water elemental

Skill      XL: |  1  2  3  4  5  6  7  8  9 10 11 12 |
---------------+-------------------------------------+-----
Polearms       | 5 6 7 9 10 12 14 15 | 15.2
Dodging        | 6 |  6.8
Fighting       | 8 12 15 | 15.3
Armour         | 2 5 |  5.0
Poison Magic   | 3 |  3.7
Conjurations   | 3 |  3.0
Air Magic      | 2 |  2.8
Throwing       | |  2.0
Stealth        | |  0.8
Unarmed Combat | |  0.9

Action                   |  1- 3 |  4- 6 |  7- 9 | 10-12 || total
-------------------------+-------+-------+-------+-------++-------
Melee: Trident           |    95 |   243 |   507 |  1340 ||  2185
       Unarmed           |       |       |       |     9 ||     9
       Tailslap          |       |       |       |     5 ||     5
       Punch             |       |       |       |     5 ||     5
Invok: Curse Item        |       |     2 |     2 |       ||     4
Evoke: Wand              |       |       |       |     1 ||     1
  Use: Scroll            |       |     5 |     2 |     3 ||    10
       Potion            |       |       |       |    13 ||    13
 Stab: Sleeping          |     2 |     2 |       |       ||     4
       Distracted        |       |       |       |     2 ||     2
  Eat: Chunk             |       |     7 |     9 |    15 ||    31
       Bread ration      |       |     1 |       |     2 ||     3
       Royal jelly       |       |       |       |     1 ||     1
Armor: Leather armour    |     7 |       |       |       ||     7
       Ring mail         |    24 |    48 |    90 |   180 ||   342
       Skin              |       |       |       |    45 ||    45
Dodge: Dodged            |    62 |   133 |   267 |   764 ||  1226
